Map: Romanticide LE

Players

MCanning - Winner!

  • Race: Protoss Protoss

DisK

  • Race: Protoss Protoss

VOD

Have the link to the VOD?

Description

Time

  • Played on: Oct. 7, 2021, 4:03 p.m.
  • Length: 16:11
Show
View Real Time Build Order
Export as new Build Order

MCanning Protoss - Winner!

Build Orders: Archon Immortal 

Get SALT Encoding   

  12  0:00  Probe  
  13  0:12  Probe  
  14  0:17  Pylon  
  14  0:24  Probe  
  15  0:36  Probe (Chrono Boost)  
  15  0:37  Gateway  
  16  0:46  Assimilator, Probe (Chrono Boost)  
  17  0:51  Probe (Chrono Boost)  
  17  0:54  Assimilator  
  18  1:03  Probe (Chrono Boost)  
  19  1:09  Gateway  
  19  1:12  Probe (Chrono Boost)  
  19  1:17  Probe (Chrono Boost)  
  20  1:23  Pylon  
  21  1:29  Probe  
  22  1:37  Cybernetics Core  
  22  1:41  Probe  
  24  2:08  Nexus  
  23  2:15  Stalker  
  25  2:22  Stalker, Warp Gate (Chrono Boost)  
  27  2:34  Pylon  
  27  2:37  Probe  
  27  2:45  Sentry  
  29  2:53  Sentry, Shield Battery  
  29  2:55  Probe  
  32  3:07  Probe  
  32  3:12  Pylon  
  33  3:17  Sentry  
  33  3:19  Probe  
  36  3:21  Probe  
  37  3:31  Probe (Chrono Boost)  
  37  3:34  Probe (Chrono Boost)  
  39  3:37  Robotics Facility  
  39  3:46  Probe (Chrono Boost)  
  41  3:49  Probe (Chrono Boost)  
  41  3:53  Probe (Chrono Boost)  
  43  3:56  Probe (Chrono Boost)  
  43  3:58  Forge  
  43  4:00  Probe  
  44  4:07  Adept x2, Probe (Chrono Boost)  
  49  4:12  Probe (Chrono Boost)  
  50  4:19  Pylon  
  52  4:24  Probe (Chrono Boost)  
  52  4:25  Probe (Chrono Boost)  
  52  4:26  Observer (Chrono Boost), Assimilator  
  52  4:30  Probe (Chrono Boost), Protoss Ground Weapons Level 1 (Chrono Boost)  
  54  4:32  Probe (Chrono Boost)  
  54  4:35  Twilight Council  
  55  4:38  Probe  
  55  4:43  Probe  
  55  4:45  Immortal (Chrono Boost)  
  57  4:50  Probe  
  62  4:56  Probe  
  62  4:58  Immortal (Chrono Boost)  
  63  5:03  Probe  
  63  5:05  Nexus  
  64  5:09  Probe, Pylon  
  64  5:10  Charge (Chrono Boost)  
  65  5:15  Probe  
  65  5:17  Observer (Chrono Boost)  
  67  5:21  Probe  
  67  5:27  Probe  
  69  5:30  Gateway  
  69  5:31  Gateway  
  69  5:32  Shield Battery  
  69  5:33  Probe  
  70  5:40  Immortal  
  70  5:42  Probe  
  75  5:49  Probe  
  76  5:52  Pylon  
  76  5:57  Probe  
  76  5:58  Gateway x2  
  76  6:02  Probe, Pylon  
  79  6:12  Probe (Chrono Boost)  
  79  6:17  Templar Archives  
  79  6:18  Gateway, Probe x2 (Chrono Boost)  
  81  6:24  Gateway  
  82  6:27  Probe (Chrono Boost)  
  82  6:28  Probe (Chrono Boost)  
  82  6:29  Probe (Chrono Boost)  
  84  6:34  Probe  
  84  6:35  Assimilator  
  84  6:36  Protoss Ground Weapons Level 2 (Chrono Boost)  
  84  6:39  Zealot x2  
  90  6:40  Zealot x2  
  90  6:41  Probe  
  90  6:44  Probe  
  95  6:50  Immortal  
  97  6:56  Probe  
  97  6:59  High Templar x2  
  100  7:02  Pylon  
  100  7:05  Archon  
  100  7:08  Pylon  
  100  7:20  Zealot  
  100  7:21  Zealot x3, Nexus, Gateway  
  104  7:23  Pylon  
  104  7:30  Observer, Probe  
  104  7:33  Pylon  
  104  7:34  Gateway, Pylon  
  104  7:35  Probe x2  
  107  7:42  Shield Battery  
  107  7:45  Photon Cannon  
  107  7:49  High Templar x2  
  107  7:50  Zealot x4  
  119  7:54  Probe  
  119  7:56  Archon  
  119  7:58  Probe  
  119  8:01  Robotics Bay  
  119  8:04  Robotics Facility  
  119  8:08  Assimilator, Probe  
  119  8:09  Probe  
  119  8:12  Probe  
  120  8:20  Probe  
  120  8:21  Photon Cannon  
  120  8:23  Shield Battery  
  120  8:27  Photon Cannon, Assimilator, Probe  
  122  8:30  Photon Cannon  
  122  8:31  Photon Cannon  
  122  8:32  Protoss Ground Weapons Level 3 (Chrono Boost)  
  122  8:35  Probe  
  122  8:39  Photon Cannon, Assimilator  
  122  8:41  Dark Shrine  
  123  8:44  Zealot x2  
  127  8:52  Zealot x4  
  135  8:58  Zealot  
  135  8:59  Zealot x3  
  137  9:02  Disruptor (Chrono Boost)  
  137  9:03  Disruptor (Chrono Boost)  
  137  9:09  Zealot x2  
  147  9:13  Archon x2  
  145  9:18  Zealot x4  
  145  9:19  High Templar  
  139  9:31  Zealot  
  139  9:32  Zealot x4  
  125  9:39  Disruptor x2 (Chrono Boost)  
  125  9:40  Zealot x2  
  125  9:41  Zealot x2  
  106  9:52  Zealot  
  106  9:53  Zealot x4  
  106  9:58  High Templar  
  116  10:02  Zealot, Archon  
  116  10:03  Zealot x3  
  124  10:07  Blink  
  124  10:09  Disruptor (Chrono Boost)  
  124  10:12  Probe  
  128  10:16  Stalker x4  
  128  10:20  Probe  
  137  10:25  Disruptor (Chrono Boost)  
  137  10:26  Zealot x3  
  146  10:31  Dark Templar  
  146  10:32  Probe  
  149  10:37  Zealot x2  
  149  10:40  Disruptor (Chrono Boost)  
  154  10:44  Probe  
  155  10:50  Assimilator  
  155  10:57  Nexus  
  155  10:59  Shadow Stride (Chrono Boost)  
  155  11:02  Protoss Shields Level 1 (Chrono Boost)  
  155  11:03  Stalker x5  
  163  11:10  Photon Cannon  
  163  11:12  Photon Cannon, Pylon  
  163  11:17  Pylon  
  163  11:18  Pylon  
  163  11:29  Disruptor (Chrono Boost)  
  162  11:42  Zealot x9, Disruptor (Chrono Boost)  
  176  11:52  Dark Templar  
  178  11:57  Photon Cannon  
  178  11:58  Photon Cannon  
  178  12:00  Photon Cannon  
  178  12:01  Shield Battery  
  178  12:05  Disruptor  
  179  12:09  Photon Cannon  
  179  12:10  Photon Cannon  
  179  12:13  Photon Cannon  
  179  12:15  Disruptor, Shield Battery  
  168  12:18  Stalker x2  
  175  12:25  Dark Templar x3  
  177  12:37  Stalker x5  
  183  12:44  Probe  
  183  12:51  Stargate  
  184  12:52  Disruptor x2  
  184  12:59  Zealot x5  
  184  13:01  Protoss Shields Level 2 (Chrono Boost), Dark Templar  
  193  13:09  Probe  
  193  13:11  Pylon  
  194  13:19  Zealot x2  
  196  13:20  Zealot x2  
  196  13:46  Disruptor  
  184  13:49  Disruptor  
  177  13:57  Fleet Beacon  
  177  13:58  Zealot x10  
  177  13:59  Stargate  
  177  14:02  Stargate  
  161  14:21  Disruptor (Chrono Boost)  
  142  14:29  Zealot x10  
  161  14:31  Disruptor (Chrono Boost)  
  155  14:43  Carrier (Chrono Boost)  
  120  14:47  Carrier (Chrono Boost), Probe  
  129  14:52  Disruptor (Chrono Boost)  
  129  14:54  Carrier (Chrono Boost)  
  129  14:58  Disruptor (Chrono Boost)  
  118  15:05  Zealot x2  
  118  15:06  Zealot x8  
  135  15:17  Disruptor (Chrono Boost)  
  138  15:27  Zealot x7  
  138  15:28  Zealot x2, Disruptor  
  156  15:33  Zealot  
  168  15:54  Zealot x6  
  168  15:55  Zealot  
Show
View Real Time Build Order
Export as new Build Order

DisK Protoss 

Build Orders: Phoenix Opening, Blink Stalkers, Zealot Archon 

Get SALT Encoding   

  12  0:00  Probe  
  13  0:13  Probe  
  14  0:17  Pylon  
  14  0:25  Probe (Chrono Boost)  
  15  0:35  Gateway  
  15  0:37  Probe (Chrono Boost)  
  16  0:46  Assimilator, Probe (Chrono Boost)  
  17  0:51  Probe  
  17  0:55  Assimilator  
  18  1:03  Probe (Chrono Boost)  
  19  1:11  Gateway  
  19  1:12  Probe (Chrono Boost)  
  19  1:17  Probe (Chrono Boost)  
  20  1:24  Cybernetics Core  
  21  1:30  Probe  
  22  1:36  Pylon  
  22  1:42  Probe  
  23  1:54  Probe  
  24  2:01  Stalker x2  
  24  2:03  Warp Gate  
  24  2:06  Probe  
  29  2:12  Pylon  
  29  2:18  Probe  
  29  2:19  Pylon  
  30  2:32  Sentry  
  34  2:37  Sentry  
  34  2:48  Nexus  
  34  2:51  Shield Battery  
  34  3:02  Sentry  
  34  3:05  Phoenix  
  36  3:07  Probe  
  36  3:12  Pylon  
  37  3:15  Twilight Council  
  37  3:21  Shield Battery  
  37  3:22  Probe  
  38  3:34  Probe (Chrono Boost)  
  38  3:35  Forge  
  39  3:47  Probe (Chrono Boost)  
  40  3:48  Blink (Chrono Boost)  
  40  3:53  Probe (Chrono Boost)  
  40  3:54  Phoenix  
  41  4:00  Probe (Chrono Boost)  
  43  4:05  Protoss Ground Weapons Level 1 (Chrono Boost)  
  43  4:06  Probe (Chrono Boost)  
  44  4:10  Probe (Chrono Boost)  
  44  4:14  Probe (Chrono Boost)  
  46  4:19  Probe (Chrono Boost)  
  46  4:22  Probe (Chrono Boost)  
  47  4:27  Probe (Chrono Boost)  
  47  4:29  Nexus  
  49  4:32  Probe (Chrono Boost)  
  49  4:34  Probe (Chrono Boost)  
  49  4:35  Assimilator  
  50  4:39  Probe  
  50  4:41  Shield Battery  
  50  4:45  Robotics Facility  
  51  4:51  Stalker x2  
  55  4:53  Probe  
  55  4:56  Probe  
  57  5:00  Pylon  
  57  5:04  Phoenix  
  57  5:09  Gateway  
  57  5:10  Gateway  
  57  5:12  Probe x2  
  59  5:20  Pylon  
  59  5:24  Probe  
  59  5:25  Probe  
  61  5:28  Pylon  
  61  5:31  Stalker x2  
  65  5:36  Observer, Probe  
  65  5:37  Probe  
  65  5:40  Shield Battery  
  65  5:41  Probe  
  69  5:48  Gateway  
  70  5:50  Gateway  
  70  5:51  Probe (Chrono Boost)  
  70  5:55  Probe (Chrono Boost)  
  72  5:57  Observer, Probe (Chrono Boost)  
  72  6:04  Charge, Pylon  
  74  6:05  Probe (Chrono Boost)  
  74  6:06  Probe (Chrono Boost)  
  74  6:08  Probe  
  74  6:09  Gateway  
  76  6:14  Probe  
  76  6:17  Probe  
  78  6:20  Protoss Ground Weapons Level 2 (Chrono Boost)  
  78  6:24  Nexus  
  78  6:27  Pylon  
  78  6:28  Probe x2  
  78  6:32  Templar Archives  
  80  6:34  Probe  
  80  6:39  Gateway  
  81  6:43  Pylon  
  81  6:45  Observer  
  81  6:46  Adept  
  81  6:47  Adept  
  86  6:54  Probe x3  
  84  7:01  Zealot x3  
  84  7:04  Assimilator  
  84  7:06  Probe x3  
  84  7:07  Gateway  
  93  7:11  Zealot x2  
  93  7:12  Zealot  
  99  7:29  Zealot, High Templar x2  
  101  7:30  Zealot  
  101  7:31  Probe x2 (Chrono Boost)  
  101  7:33  Probe (Chrono Boost)  
  106  7:37  Probe (Chrono Boost)  
  106  7:41  Gateway  
  106  7:43  Probe x2 (Chrono Boost)  
  110  7:44  Photon Cannon  
  110  7:46  Photon Cannon, Pylon  
  110  7:47  High Templar x2  
  110  7:48  Archon, Probe (Chrono Boost)  
  110  7:49  Probe x3 (Chrono Boost)  
  117  7:52  Shield Battery  
  117  7:53  Archon  
  116  7:59  Zealot x2  
  116  8:01  Warp Prism (Chrono Boost)  
  116  8:03  Probe x3  
  125  8:06  Assimilator  
  125  8:08  High Templar x2  
  125  8:09  Assimilator  
  128  8:14  Archon  
  128  8:19  Photon Cannon  
  128  8:21  Pylon  
  128  8:22  Zealot x6  
  140  8:31  Zealot  
  140  8:34  Pylon  
  142  8:35  Pylon  
  142  8:40  Zealot x2  
  146  8:44  Zealot x2  
  146  8:46  Shield Battery  
  146  8:47  Phoenix  
  148  8:56  Pylon  
  148  8:58  Pylon  
  144  9:03  Zealot, High Templar x4  
  144  9:04  Zealot x3  
  144  9:09  Archon  
  158  9:10  Archon  
  158  9:14  Zealot x2  
  158  9:15  Robotics Bay, Nexus  
  162  9:17  Pylon  
  162  9:19  Pylon  
  162  9:30  Zealot  
  162  9:31  Zealot x3  
  154  9:36  Zealot x6  
  100  9:53  Zealot  
  100  9:54  Zealot x3  
  100  9:56  Protoss Ground Weapons Level 3 (Chrono Boost)  
  100  9:59  Stalker x6  
  116  10:03  Robotics Facility  
  116  10:04  Disruptor (Chrono Boost)  
  116  10:12  Photon Cannon  
  119  10:14  Photon Cannon  
  119  10:15  Pylon  
  119  10:23  Assimilator  
  119  10:25  Assimilator  
  123  10:30  Stalker x4  
  123  10:35  Stalker x4  
  127  10:44  Disruptor (Chrono Boost)  
  127  10:49  Stalker x2, Shield Battery  
  132  10:56  Stalker x4  
  139  11:04  Probe x5  
  139  11:05  Disruptor (Chrono Boost)  
  139  11:06  Dark Shrine  
  139  11:10  Gravitic Boosters  
  146  11:15  Stalker x2  
  146  11:18  Photon Cannon  
  150  11:22  Stalker  
  150  11:23  Stalker  
  141  11:47  Disruptor x2  
  141  11:49  Zealot x3  
  141  11:50  Zealot x7  
  165  12:14  Stalker x2  
  165  12:15  Stalker x4  
  177  12:16  Shadow Stride (Chrono Boost)  
  177  12:23  Disruptor x2 (Chrono Boost)  
  183  12:36  Nexus  
  181  12:38  Pylon  
  181  12:41  Protoss Ground Armor Level 1 (Chrono Boost), Observer  
  181  12:53  Disruptor x2 (Chrono Boost)  
  181  12:54  Phoenix  
  173  13:07  Robotics Facility  
  173  13:09  Pylon  
  171  13:18  Photon Cannon  
  171  13:20  Photon Cannon  
  171  13:24  Disruptor x2  
  140  13:54  Zealot x9  
  140  13:55  Zealot  
  148  14:09  Observer  
  132  14:12  Photon Cannon  
  132  14:13  Photon Cannon  
  132  14:14  Pylon  
  109  14:25  Stalker x10  
  97  14:48  Disruptor x2  
  97  14:49  Disruptor  
  103  14:58  Stalker x10  
  105  15:23  Observer  
  105  15:24  Disruptor x2  
  111  15:40  Stalker x5  
Tags
 
Add a new tag
Caveats
  • Supply blocks, unpowered buildings, or Contaminate may cause inaccurate times.
  • Supply counts are checked every 10 seconds.